 Dungeon Crawl Stone Soup version 0.29.0 (webtiles) character file.

Game seed: 3693533444191557351

138 GigaChad the Covered (level 5, -2/47 HPs)
             Began as a Minotaur Fighter on Aug 24, 2022.
             Was an Initiate of Ashenzari.
             Slain by Grinder (8 damage)
             ... on level 3 of the Dungeon.
             The game lasted 00:05:11 (3299 turns).

GigaChad the Covered (Minotaur Fighter)             Turns: 3299, Time: 00:05:11

Health: -2/47      AC:  4    Str: 20    XL:     5   Next: 1%
Magic:  3/3        EV: 13    Int:  5    God:    Ashenzari [......]
Gold:   54         SH:  4    Dex: 10    Spells: 4/4 levels left

rFire   . . .      SeeInvis +   a - +1 long sword
rCold   . . .      Faith    .   c - +0 buckler
rNeg    . . .      Spirit   .   b - +0 scale mail
rPois   .          Reflect  .   (helmet restricted)
rElec   .          Harm     .   (no cloak)
rCorr   .          Rampage  .   (no gloves)
Will    .....                   (no boots)
Stlth   ..........              (no amulet)
HPRegen 0.15/turn               n - +4 ring of evasion
MPRegen 0.08/turn               k - ring of see invisible

@: no status effects
A: horns 2, retaliatory headbutt, deformed body, dopey 1, low MP 1
a: Renounce Religion


You were on level 3 of the Dungeon.
You worshipped Ashenzari.
Ashenzari was noncommittal.
You visited 1 branch of the dungeon, and saw 3 of its levels.

You collected 54 gold pieces.

Inventory:

Hand Weapons
 a - a +1 long sword (weapon)
 i - a +0 halberd
 p - a +3 shortbow of freezing
Missiles
 f - 6 poisoned darts (quivered)
Armour
 b - a +0 scale mail (worn)
 c - a +0 buckler (worn)
Jewellery
 k - a ring of see invisible (right hand)
 n - a +4 ring of evasion (left hand)
 o - a +6 ring of strength
Scrolls
 h - a scroll of fear
 j - 2 scrolls of identify
 l - 2 scrolls of teleportation {unknown}
 q - a scroll of enchant weapon
Potions
 d - 2 potions of might
 e - a potion of flight {unknown}
 g - a potion of brilliance {unknown}
 m - a potion of curing {unknown}


   Skills:
 + Level 4.4 Fighting
 + Level 4.4 Long Blades
 + Level 4.5 Armour
 + Level 1.1 Dodging
 + Level 4.0 Shields


You had 4 spell levels left.
You didn't know any spells.
Your spell library contained the following spells:

 Spells                   Type           Power      Damage    Failure   Level
 Slow                     Hex            0%         N/A       88%         1
 Confusing Touch          Hex            0%         N/A       99%         3
 Vampiric Draining        Necr           0%         2d6       99%         3


Dungeon Overview and Level Annotations

Branches:
Dungeon (3/15)

Altars:
Ashenzari
Dithmenos

Annotations:
D:3 Grinder


Innate Abilities, Weirdness & Mutations

You have a pair of horns on your head.
You reflexively headbutt those who attack you in melee.
Armour fits poorly on your strangely shaped body.
You are dopey. (Int -2)
Your magical capacity is low. (-10% MP)


Message History

Found 6 curare-tipped darts.
There is an open door here.
Sorry, I don't know how to get there.
There is an open door here.
d - 2 potions of might (gained 1)
You see here a stone.
Key pressed, stopping explore.
Found a stone staircase leading down.
Grinder comes into view.
There is a stone staircase leading down here.
You barely miss Grinder. Grinder hits you.
You writhe in agony.
Grinder blinks!
Grinder grins, showing sharp teeth.
Grinder gestures at you. You resist with significant effort. Grinder hits you!
You closely miss Grinder. Your headbutt misses Grinder.
Grinder blinks!
Grinder hits you!
You writhe in agony.
There is a stone staircase leading down, spattered with blood here.
Grinder gestures at you.
You suddenly lose the ability to move!
Grinder hits you but does no damage.
You can move again.
Grinder blinks!
There is a stone staircase leading down, spattered with blood here.
Grinder blinks!
Grinder barely misses you. You furiously retaliate!
You headbutt Grinder! Grinder hits you.
You writhe in agony.
There is a stone staircase leading down, spattered with blood here.
You hit Grinder. You headbutt Grinder.
Grinder is moderately wounded.
Grinder gestures at you. Pain shoots through your body!
* * * LOW HITPOINT WARNING * * *
You closely miss Grinder.
Grinder is moderately wounded.
You block Grinder's attack.
You barely miss Grinder. You headbutt Grinder, but do no damage.
Grinder is moderately wounded.
Grinder hits you!
You die...

........#.##..................)..
........#.##...##.>..............
.########.####.##................
)# #.# #..#................ .#
#.# ##..............#### .# #.#
#..###......##. # .# #.# #..#
#.#######. # .# #.#
#..###########. # )# #.#
#.@5........... # .#
#.################## # .#
#...........# # .# ###########.#
# .# #.# # ## #.# # #.# # #†# #
#.#############


You could see Grinder.

Vanquished Creatures
  An iguana (D:3)
  An adder (D:3)
  4 gnolls (D:2)
  A worm (D:2)
  3 dart slugs
  An orc (D:3)
  3 ball pythons
  6 endoplasms
  4 giant cockroaches
  5 goblins
  4 hobgoblins
  6 jackals (D:2)
  A quokka (D:2)
  3 bats
  6 kobolds
  5 rats
54 creatures vanquished.

Vanquished Creatures (others)
  3 plants (D:2)
3 creatures vanquished.

Grand Total: 57 creatures vanquished

Notes
Turn   | Place    | Note
-------+----------+-------------------------------------------
     0 | D:1      | GigaChad the Minotaur Fighter began the quest for the Orb.
     0 | D:1      | Reached XP level 1. HP: 19/19 MP: 0/0
   622 | D:1      | Reached XP level 2. HP: 23/27 MP: 1/1
  1205 | D:1      | Gained mutation: You are dopey. (Int -2) [potion of
                  | mutation]
  1205 | D:1      | Gained mutation: Your magical capacity is low. (-10% MP)
                  | [potion of mutation]
  1205 | D:1      | Gained mutation: Armour fits poorly on your strangely
                  | shaped body. [potion of mutation]
  1689 | D:2      | Reached XP level 3. HP: 23/33 MP: 1/1
  1719 | D:2      | Reached skill level 1 in Dodging
  1726 | D:2      | Reached XP level 4. HP: 5/40 MP: 2/2
  2040 | D:2      | Found a shadowy altar of Dithmenos.
  3082 | D:3      | Found a broken altar of Ashenzari.
  3099 | D:3      | Reached XP level 5. HP: 47/47 MP: 3/3
  3127 | D:3      | Became a worshipper of Ashenzari the Shackled
  3278 | D:3      | Noticed Grinder
  3290 | D:3      | Paralysed by Grinder for 2 turns
  3299 | D:3      | Slain by Grinder

Illustrated notes

Levels and vault maps discovered:
D:1:      dpeg_arrival_radiant, layout_basic
D:2:      layout_loops_ring, basic_altar, serial_bayou_pond_c
D:3:      layout_basic, ashenzari_conservatory_becter, minmay_statues_item,
          uniq_grinder

Skill      XL: |  1  2  3  4 |
---------------+-------------+-----
Armour         | 4 |  4.5
Fighting       | 4 |  4.4
Long Blades    | 3 4 |  4.4
Dodging        | 1 |  1.1
Shields        | 4 |  4.0

Action                   |  1- 3 |  4- 6 || total
-------------------------+-------+-------++-------
Melee: Long sword        |    57 |    65 ||   122
       Headbutt          |    11 |    12 ||    23
  Use: Scroll            |     3 |       ||     3
       Potion            |     1 |       ||     1
Armor: Scale mail        |    18 |    25 ||    43
Dodge: Dodged            |    32 |    41 ||    73
Block: Buckler           |    23 |    16 ||    39
